Blue Jackets vs Stars
Created - January 18, 2023 at 20:57
Goals
|
| Blue Jackets |
1 |
3 |
0 |
4 |
| Stars |
2 |
2 |
1 |
5 |
|
Shots
|
| Blue Jackets |
12 |
17 |
3 |
32 |
| Stars |
15 |
9 |
7 |
31 |
|
1st period
1. Stars , Cory Emmerton 8 (Jonathan Drouin 5) at 3:23
2. Blue Jackets , Phil Kessel 9 (Nicklas Backstrom 22, Cam Talbot) at 3:58 (PP)
3. Stars , Alex Chiasson 12 (Cam Atkinson 10, Brian Lee 23) at 11:45
Penalties :
Boris Valabik (Dal) for Diving (Minor) at 3:46, Rickard Rakell (Clb) for Tripping (Minor) at 11:53, Brian Lee (Dal) for High sticking (Minor) at 17:45
2nd period
4. Stars , Evgeny Grachev 4 (Tyler Wotherspoon 5) at 2:43
5. Blue Jackets , Vince Hinostroza 1 (Mike Richards 10, Fabian Brunnstrom 3) at 8:15
6. Blue Jackets , Jason Zucker 8 (William Karlsson 3, Riley Sheahan 6) at 11:17
7. Stars , Alex Chiasson 13 (Brian Lee 24, Evgeny Grachev 15) at 15:57
8. Blue Jackets , Nicklas Backstrom 11 (Mikko Rantanen 8, Travis Hamonic 13) at 19:05
Penalties :
Cory Emmerton (Dal) for Tripping (Minor) at 6:01, Phil Kessel (Clb) for Hooking (Minor) at 16:33
3rd period
9. Stars , John Tavares 24 (Guillaume Latendresse 17, Michael Grabner 17) at 6:22
Penalties :
Scott Kosmachuck (Dal) for Holding (Minor) at 0:51, Alex Chiasson (Dal) for Roughing (Minor) at 10:19
Goalie Stats
Cam Talbot (Clb), 26 saves from 31 shots - (0.839), L, 0-3-0, 59:02 minutes
Matt Murray (Dal), 28 saves from 32 shots - (0.875), W, 17-9-2, 60:00 minutes
Players Stats for Blue Jackets
Player Name G A P +/- PIM S H SB GA TA FO MP PP MP PK MP
------------------------------------------------------------------------------------
Ben Chiarot 0 0 0 -1 0 3 0 2 0 1 0/0 18:13 0:00 1:33
Bryce Lampman 0 0 0 0 0 1 1 0 0 0 0/0 9:01 0:00 0:00
Colton Parayko 0 0 0 -1 0 0 2 0 1 0 0/0 27:42 4:22 2:25
Fabian Brunnstrom 0 1 1 0 0 3 0 0 0 1 0/1 9:44 0:20 1:29
Jake McCabe 0 0 0 -1 0 1 0 1 0 0 0/0 20:14 3:46 1:33
Jason Zucker 1 0 1 1 0 3 4 0 0 0 0/0 14:39 3:42 0:00
Mike Richards 0 1 1 0 0 0 0 0 1 0 2/5 8:20 0:00 0:32
Mikko Rantanen 0 1 1 -3 0 0 0 0 2 0 0/1 17:24 3:45 0:00
Nicklas Backstrom 1 1 2 -3 0 6 1 0 0 0 14/24 18:57 4:14 0:00
Phil Kessel 1 0 1 0 2 1 3 0 0 1 0/1 18:35 4:11 0:00
Rickard Rakell 0 0 0 -3 2 0 1 1 0 0 0/1 18:33 3:46 0:00
Riley Sheahan 0 1 1 1 0 4 0 1 0 1 2/2 15:06 0:12 2:23
Sean Monahan 0 0 0 0 0 2 1 0 0 0 10/23 18:57 3:42 1:13
Shea Theodore 0 0 0 0 0 0 0 0 0 0 0/0 12:04 0:00 0:00
Teuvo Teravainen 0 0 0 0 0 4 1 1 0 0 0/0 19:28 4:18 0:00
Travis Hamonic 0 1 1 -1 0 1 0 2 1 1 0/0 27:42 4:22 2:25
Vince Hinostroza 1 0 1 0 0 1 0 0 0 0 0/0 7:41 0:00 0:00
William Karlsson 0 1 1 1 0 2 0 0 1 0 5/11 13:40 0:00 2:19
Players Stats for Stars
Player Name G A P +/- PIM S H SB GA TA FO MP PP MP PK MP
------------------------------------------------------------------------------------
Alex Chiasson 2 0 2 3 2 3 1 0 1 0 0/0 14:10 1:42 0:00
Andrej Sustr 0 0 0 2 0 0 1 1 0 0 0/0 21:16 1:54 2:28
Andrew Ladd 0 0 0 3 0 2 3 0 0 1 2/2 17:32 1:42 3:21
Anton Cederholm 0 0 0 -3 0 0 0 1 0 0 0/0 10:28 0:00 0:00
Boris Valabik 0 0 0 3 2 1 1 3 1 0 0/0 28:03 2:04 5:28
Brian Lee 0 2 2 3 2 2 5 0 1 3 0/0 26:45 2:04 4:07
Cam Atkinson 0 1 1 -3 0 3 1 0 0 0 0/0 12:05 0:00 0:00
Cory Emmerton 1 0 1 1 2 1 0 0 0 0 1/1 8:30 0:00 1:10
Evgeny Grachev 1 1 2 3 0 2 1 0 0 0 4/13 16:13 1:42 1:59
Evgeny Kuznetsov 0 0 0 -3 0 0 2 0 0 1 3/8 12:08 0:00 0:03
Guillaume Latendresse 0 1 1 1 0 4 1 1 0 0 1/3 22:56 2:16 4:34
John Tavares 1 0 1 1 0 3 1 0 1 0 24/39 22:51 2:16 4:36
Jonathan Drouin 0 1 1 1 0 1 0 0 0 0 0/0 7:47 0:00 0:33
Michael Grabner 0 1 1 1 0 4 0 0 1 0 1/2 18:12 2:16 0:00
Scott Kosmachuck 0 0 0 1 2 1 0 0 0 0 0/0 7:17 0:00 0:00
Tobias Rieder 0 0 0 -3 0 3 0 1 0 0 0/1 12:05 0:00 0:00
Tyler Wotherspoon 0 1 1 2 0 1 0 0 0 0 0/0 22:04 1:54 3:16
Tyson Barrie 0 0 0 -3 0 0 0 2 0 1 0/0 11:25 0:00 0:57
3 Stars
1 - Alex Chiasson (Dal)
2 - Evgeny Grachev (Dal)
3 - Brian Lee (Dal)
Power Play
Blue Jackets - 1 on 5 Attempt(s) - 20.00%
Stars - 0 on 2 Attempt(s) - 0.00%
Penalty Kill
Blue Jackets - 2 on 2 Attempt(s) - 100.00%
- Score 0 goal in Penalty Kill
Stars - 4 on 5 Attempt(s) - 80.00%
- Score 0 goal in Penalty Kill
Team Stat
Blue Jackets - Hits : 14 - Faceoff Wins : 33 - Blocked Shots : 8 - Penalty Minutes : 4
Stars - Hits : 17 - Faceoff Wins : 36 - Blocked Shots : 9 - Penalty Minutes : 10
Official
Referees : TJ Luxmore and Marc Joannette
Linesman : Ryan Daisy and Ryan Galloway
Game Notes
No Game Note
Finance
Level 1 -- Attendance: 5341 (89.02%) -- Ticket Income $534,100
Level 2 -- Attendance: 5000 (100.00%) -- Ticket Income $300,000
Level 3 -- Attendance: 2000 (100.00%) -- Ticket Income $70,000
Level 4 -- Attendance: 3998 (99.95%) -- Ticket Income $99,950
Luxury Box -- Attendance: 911 (91.10%) -- Ticket Income $182,200
Game was played at the American Airlines Center.
Total Attendance: 17250 (95.83%)
Total Ticket Income: $1,186,250
Other Income: $177,938
Total Income: $1,364,188
Blue Jackets
5 vs 5 Forward
Center Left Wing Right Wing Time % Phy DF OF
1 Nicklas Backstrom Rickard Rakell Mikko Rantanen 33 0 1 4
2 Sean Monahan Teuvo Teravainen Phil Kessel 31 0 1 4
3 William Karlsson Jason Zucker Riley Sheahan 26 0 2 3
4 Mike Richards Fabian Brunnstrom Vince Hinostroza 10 1 3 1
5 vs 5 Defense
Defense Defense Time % Phy DF OF
1 Colton Parayko Travis Hamonic 40 1 2 2
2 Ben Chiarot Jake McCabe 30 1 2 2
3 Bryce Lampman Shea Theodore 20 1 2 2
4 Ben Chiarot Shea Theodore 10 1 2 2
PowerPlay Forward
Center Left Wing Right Wing Time % Phy DF OF
1 Nicklas Backstrom Teuvo Teravainen Phil Kessel 60 0 0 5
2 Sean Monahan Jason Zucker Mikko Rantanen 40 0 0 5
PowerPlay Defense
Defense Defense Time % Phy DF OF
1 Colton Parayko Travis Hamonic 60 0 1 4
2 Rickard Rakell Jake McCabe 40 0 1 4
Penalty Kill 4 Players Forward
Center Wing Time % Phy DF OF
1 William Karlsson Riley Sheahan 60 1 2 2
2 Sean Monahan Fabian Brunnstrom 40 1 2 2
Penalty Kill 4 Players Defense
Defense Defense Time % Phy DF OF
1 Colton Parayko Travis Hamonic 60 1 2 2
2 Ben Chiarot Jake McCabe 40 1 2 2
Penalty Kill - 3 Players Forward
Forward Time % Phy DF OF
1 William Karlsson 60 1 2 2
2 Sean Monahan 40 1 2 2
Penalty Kill - 3 Players Defense
Defense Defense Time % Phy DF OF
1 Colton Parayko Travis Hamonic 60 1 2 2
2 Bryce Lampman Jake McCabe 40 1 2 2
4 vs 4 Forward
Center Wing Time % Phy DF OF
1 Nicklas Backstrom Teuvo Teravainen 60 1 2 2
2 Sean Monahan Phil Kessel 40 1 2 2
4 vs 4 Defense
Defense Defense Time % Phy DF OF
1 Colton Parayko Travis Hamonic 60 1 2 2
2 Bryce Lampman Jake McCabe 40 1 2 2
Last Minutes Offensive
Center Left Wing Right Wing Defense Defense
Nicklas Backstrom Teuvo Teravainen Riley Sheahan Colton Parayko Travis Hamonic
Last Minutes Defensive
Center Left Wing Right Wing Defense Defense
Nicklas Backstrom Teuvo Teravainen Riley Sheahan Colton Parayko Travis Hamonic
Goaltenders
Starting : Cam Talbot
Backup : Michal Neuvirth
Extra Forwards
Normal : Fabian Brunnstrom, Rickard Rakell, Sean Monahan - PP : Fabian Brunnstrom, Rickard Rakell - PK : Sean Monahan
Extra Defensemen
Normal : Ben Chiarot, Shea Theodore, Bryce Lampman - PP : Ben Chiarot - PK : Shea Theodore, Bryce Lampman
Penalty Shots
Nicklas Backstrom, Teuvo Teravainen, Riley Sheahan, Jason Zucker, Mike Richards
Scratches
Zac Rinaldo (Healthy)
Stars
5 vs 5 Forward
Center Left Wing Right Wing Time % Phy DF OF
1 John Tavares Guillaume Latendresse Michael Grabner 40 1 2 2
2 Evgeny Grachev Andrew Ladd Alex Chiasson 30 1 2 2
3 Evgeny Kuznetsov Tobias Rieder Cam Atkinson 20 1 2 2
4 Cory Emmerton Jonathan Drouin Scott Kosmachuck 10 1 2 2
5 vs 5 Defense
Defense Defense Time % Phy DF OF
1 Boris Valabik Brian Lee 40 1 2 2
2 Andrej Sustr Tyler Wotherspoon 30 1 2 2
3 Tyson Barrie Anton Cederholm 20 1 2 2
4 Boris Valabik Brian Lee 10 1 2 2
PowerPlay Forward
Center Left Wing Right Wing Time % Phy DF OF
1 John Tavares Guillaume Latendresse Michael Grabner 60 0 2 3
2 Evgeny Grachev Andrew Ladd Alex Chiasson 40 0 2 3
PowerPlay Defense
Defense Defense Time % Phy DF OF
1 Boris Valabik Brian Lee 60 1 2 2
2 Andrej Sustr Tyler Wotherspoon 40 1 2 2
Penalty Kill 4 Players Forward
Center Wing Time % Phy DF OF
1 John Tavares Guillaume Latendresse 60 1 2 2
2 Evgeny Grachev Andrew Ladd 40 1 2 2
Penalty Kill 4 Players Defense
Defense Defense Time % Phy DF OF
1 Boris Valabik Brian Lee 60 0 3 2
2 Andrej Sustr Tyler Wotherspoon 40 0 3 2
Penalty Kill - 3 Players Forward
Forward Time % Phy DF OF
1 John Tavares 60 1 2 2
2 Evgeny Grachev 40 1 2 2
Penalty Kill - 3 Players Defense
Defense Defense Time % Phy DF OF
1 Boris Valabik Brian Lee 60 0 3 2
2 Andrej Sustr Tyler Wotherspoon 40 0 3 2
4 vs 4 Forward
Center Wing Time % Phy DF OF
1 John Tavares Guillaume Latendresse 60 0 2 3
2 Evgeny Grachev Andrew Ladd 40 0 2 3
4 vs 4 Defense
Defense Defense Time % Phy DF OF
1 Boris Valabik Brian Lee 60 1 2 2
2 Andrej Sustr Tyler Wotherspoon 40 1 2 2
Last Minutes Offensive
Center Left Wing Right Wing Defense Defense
John Tavares Guillaume Latendresse Michael Grabner Boris Valabik Brian Lee
Last Minutes Defensive
Center Left Wing Right Wing Defense Defense
John Tavares Guillaume Latendresse Michael Grabner Boris Valabik Brian Lee
Goaltenders
Starting : Matt Murray
Backup : Jhonas Enroth
Extra Forwards
Normal : Andrew Ladd, Cam Atkinson, Tobias Rieder - PP : Andrew Ladd, Cam Atkinson - PK : Andrew Ladd
Extra Defensemen
Normal : Tyler Wotherspoon, Tyson Barrie, Anton Cederholm - PP : Tyler Wotherspoon - PK : Tyler Wotherspoon, Tyson Barrie
Penalty Shots
John Tavares, Michael Grabner, Guillaume Latendresse, Alex Chiasson, Andrew Ladd
Scratches
Paul Ladue (Bruised Left Foot Injury), Tyler Brenner (Healthy)
% Time on Ice - Blue Jackets
Lines # - Real PCT - Wanted PCT - Time Play
Normal Forward
1 - 30% - 33% - 14:09
2 - 30% - 31% - 14:02
3 - 23% - 26% - 10:59
4 - 16% - 10% - 7:41
Normal Defense
1 - 44% - 40% - 20:29
2 - 31% - 30% - 14:18
3 - 19% - 20% - 9:01
4 - 7% - 10% - 3:03
PP Forward
1 - 55% - 60% - 4:26
2 - 45% - 40% - 3:42
PP Defense
1 - 54% - 60% - 4:22
2 - 46% - 40% - 3:46
PK Forward
1 - 81% - 60% - 3:13
2 - 19% - 40% - 0:45
PK Defense
1 - 61% - 60% - 2:25
2 - 39% - 40% - 1:33
PK3 Forward
1 - 0% - 60%
2 - 0% - 40%
PK3 Defense
1 - 0% - 60%
2 - 0% - 40%
44 Forward
1 - 0% - 60%
2 - 0% - 40%
44 Defense
1 - 0% - 60%
2 - 0% - 40%
Last Minute Offensive - 1:03
Last Minute Defensive - 0:00
Total
Forward - 60:00
Defense - 60:00
|
% Time on Ice - Stars
Lines # - Real PCT - Wanted PCT - Time Play
Normal Forward
1 - 32% - 40% - 15:05
2 - 27% - 30% - 12:29
3 - 26% - 20% - 12:05
4 - 15% - 10% - 7:11
Normal Defense
1 - 39% - 40% - 18:16
2 - 35% - 30% - 16:16
3 - 22% - 20% - 10:28
4 - 4% - 10% - 1:50
PP Forward
1 - 57% - 60% - 2:16
2 - 43% - 40% - 1:42
PP Defense
1 - 52% - 60% - 2:04
2 - 48% - 40% - 1:54
PK Forward
1 - 80% - 60% - 6:29
2 - 20% - 40% - 1:39
PK Defense
1 - 70% - 60% - 5:40
2 - 30% - 40% - 2:28
PK3 Forward
1 - 0% - 60%
2 - 0% - 40%
PK3 Defense
1 - 0% - 60%
2 - 0% - 40%
44 Forward
1 - 0% - 60%
2 - 0% - 40%
44 Defense
1 - 0% - 60%
2 - 0% - 40%
Last Minute Offensive - 0:00
Last Minute Defensive - 1:04
Total
Forward - 60:00
Defense - 60:00
|
Play-by-Play
1st period
0:01 of 1st period - Nicklas Backstrom wins face-off versus John Tavares in neutral zone.
0:10 of 1st period - Snap shot by Rickard Rakell.
0:10 of 1st period - Shot Misses the Net.
0:12 of 1st period - Slapshot by Travis Hamonic.
0:12 of 1st period - Shot Blocked by Boris Valabik.
0:14 of 1st period - Slapshot by Nicklas Backstrom.
0:14 of 1st period - Stopped by Matt Murray with a rebound.
1:34 of 1st period - Tyler Wotherspoon is hit by Rickard Rakell and loses puck.
2:27 of 1st period - Snap shot by Nicklas Backstrom.
2:27 of 1st period - Stopped by Matt Murray without a rebound.
2:28 of 1st period - Evgeny Grachev wins face-off versus Sean Monahan in Stars zone.
2:35 of 1st period - Slapshot by Alex Chiasson.
2:35 of 1st period - Stopped by Cam Talbot without a rebound.
2:36 of 1st period - Andrew Ladd wins face-off versus Sean Monahan in Blue Jackets zone.
3:11 of 1st period - Snap shot by John Tavares.
3:11 of 1st period - Shot Misses the Net.
3:21 of 1st period - Snap shot by Jonathan Drouin.
3:21 of 1st period - Shot Misses the Net.
3:23 of 1st period - Snap shot by Cory Emmerton.
3:23 of 1st period - Goal by Cory Emmerton - Blue Jackets : 0 - Stars : 1.
3:24 of 1st period - John Tavares wins face-off versus Sean Monahan in neutral zone.
3:46 of 1st period - Minor Penalty to Boris Valabik for Diving.
3:47 of 1st period - John Tavares wins face-off versus Nicklas Backstrom in Stars zone.
3:58 of 1st period - Wrist shot by Nicklas Backstrom.
3:58 of 1st period - Deflect By Phil Kessel.
3:58 of 1st period - Goal by Phil Kessel - Blue Jackets : 1 - Stars : 1.
3:59 of 1st period - William Karlsson wins face-off versus Evgeny Grachev in neutral zone.
4:14 of 1st period - Snap shot by Jason Zucker.
4:14 of 1st period - Stopped by Matt Murray without a rebound.
4:15 of 1st period - John Tavares wins face-off versus Phil Kessel in Stars zone.
4:28 of 1st period - Slapshot by Michael Grabner.
4:28 of 1st period - Stopped by Cam Talbot with a rebound.
4:30 of 1st period - Slapshot by Boris Valabik.
4:30 of 1st period - Stopped by Cam Talbot with a rebound.
4:32 of 1st period - Wrist shot by Guillaume Latendresse.
4:32 of 1st period - Stopped by Cam Talbot with a rebound.
5:06 of 1st period - Mikko Rantanen is hit by Andrew Ladd and loses puck.
5:15 of 1st period - Snap shot by Nicklas Backstrom.
5:15 of 1st period - Shot Misses the Net.
5:48 of 1st period - Off-side.
5:49 of 1st period - John Tavares wins face-off versus Mike Richards in neutral zone.
6:16 of 1st period - Travis Hamonic is hit by Evgeny Kuznetsov and loses puck.
6:38 of 1st period - Icing by Evgeny Kuznetsov.
6:39 of 1st period - Nicklas Backstrom wins face-off versus Evgeny Kuznetsov in Stars zone.
6:46 of 1st period - Snap shot by Nicklas Backstrom.
6:46 of 1st period - Deflect By Tobias Rieder.
6:46 of 1st period - Stopped by Matt Murray without a rebound.
6:47 of 1st period - John Tavares wins face-off versus Nicklas Backstrom in Stars zone.
6:47 of 1st period - John Tavares is hit by Colton Parayko.
7:45 of 1st period - Slapshot by Scott Kosmachuck.
7:45 of 1st period - Stopped by Cam Talbot without a rebound.
7:46 of 1st period - Guillaume Latendresse wins face-off versus Nicklas Backstrom in Blue Jackets zone.
7:47 of 1st period - Wrist shot by John Tavares.
7:47 of 1st period - Stopped by Cam Talbot without a rebound.
7:48 of 1st period - Nicklas Backstrom wins face-off versus John Tavares in Blue Jackets zone.
7:57 of 1st period - Wrist shot by Nicklas Backstrom.
7:57 of 1st period - Stopped by Matt Murray without a rebound.
7:58 of 1st period - John Tavares wins face-off versus Sean Monahan in Stars zone.
8:51 of 1st period - Slapshot by William Karlsson.
8:51 of 1st period - Stopped by Matt Murray without a rebound.
8:52 of 1st period - William Karlsson wins face-off versus John Tavares in Stars zone.
9:33 of 1st period - Snap shot by William Karlsson.
9:33 of 1st period - Shot Blocked by Guillaume Latendresse.
9:35 of 1st period - Wrist shot by Riley Sheahan.
9:35 of 1st period - Stopped by Matt Murray without a rebound.
9:36 of 1st period - Nicklas Backstrom wins face-off versus Evgeny Grachev in Stars zone.
9:52 of 1st period - Slapshot by Shea Theodore.
9:52 of 1st period - Deflect By Nicklas Backstrom.
9:52 of 1st period - Stopped by Matt Murray without a rebound.
9:53 of 1st period - Sean Monahan wins face-off versus Evgeny Kuznetsov in Stars zone.
10:19 of 1st period - Rickard Rakell is hit by Brian Lee and loses puck.
11:33 of 1st period - Snap shot by Sean Monahan.
11:33 of 1st period - Shot Misses the Net.
11:45 of 1st period - Wrist shot by Alex Chiasson.
11:45 of 1st period - Goal by Alex Chiasson - Blue Jackets : 1 - Stars : 2.
11:46 of 1st period - John Tavares wins face-off versus Nicklas Backstrom in neutral zone.
11:51 of 1st period - Snap shot by Brian Lee.
11:51 of 1st period - Stopped by Cam Talbot with a rebound.
11:53 of 1st period - Minor Penalty to Rickard Rakell for Tripping.
11:54 of 1st period - Riley Sheahan wins face-off versus John Tavares in Blue Jackets zone.
12:55 of 1st period - Slapshot by Fabian Brunnstrom.
12:55 of 1st period - Shot Misses the Net.
12:57 of 1st period - Slapshot by Jake McCabe.
12:57 of 1st period - Stopped by Matt Murray without a rebound.
12:58 of 1st period - Riley Sheahan wins face-off versus Evgeny Grachev in Stars zone.
13:53 of 1st period - Penalty to Rickard Rakell is over, Rickard Rakell is back on ice.
13:59 of 1st period - Wrist shot by Riley Sheahan.
13:59 of 1st period - Stopped by Matt Murray without a rebound.
14:00 of 1st period - Sean Monahan wins face-off versus Evgeny Kuznetsov in Stars zone.
14:03 of 1st period - Wrist shot by Teuvo Teravainen.
14:03 of 1st period - Shot Misses the Net.
14:23 of 1st period - Snap shot by Tobias Rieder.
14:23 of 1st period - Stopped by Cam Talbot without a rebound.
14:24 of 1st period - John Tavares wins face-off versus Nicklas Backstrom in Blue Jackets zone.
14:25 of 1st period - Wrist shot by Michael Grabner.
14:25 of 1st period - Shot Blocked by Jake McCabe.
14:27 of 1st period - Snap shot by Michael Grabner.
14:27 of 1st period - Shot Blocked by Rickard Rakell.
14:33 of 1st period - Slapshot by Guillaume Latendresse.
14:33 of 1st period - Stopped by Cam Talbot without a rebound.
14:34 of 1st period - John Tavares wins face-off versus Nicklas Backstrom in Blue Jackets zone.
14:39 of 1st period - Slapshot by Michael Grabner.
14:39 of 1st period - Stopped by Cam Talbot without a rebound.
14:40 of 1st period - Andrew Ladd wins face-off versus Sean Monahan in Blue Jackets zone.
15:28 of 1st period - Wrist shot by Sean Monahan.
15:28 of 1st period - Stopped by Matt Murray with a rebound.
15:30 of 1st period - Slapshot by Teuvo Teravainen.
15:30 of 1st period - Shot Blocked by Boris Valabik.
15:50 of 1st period - Wrist shot by Andrew Ladd.
15:50 of 1st period - Stopped by Cam Talbot without a rebound.
15:51 of 1st period - John Tavares wins face-off versus Nicklas Backstrom in Blue Jackets zone.
16:00 of 1st period - Tyson Barrie is hit by Colton Parayko and loses puck.
16:40 of 1st period - Icing by Fabian Brunnstrom.
16:41 of 1st period - Evgeny Kuznetsov wins face-off versus Mike Richards in Blue Jackets zone.
16:44 of 1st period - Snap shot by Tobias Rieder.
16:44 of 1st period - Stopped by Cam Talbot without a rebound.
16:45 of 1st period - Evgeny Kuznetsov wins face-off versus Fabian Brunnstrom in Blue Jackets zone.
16:46 of 1st period - Wrist shot by Cam Atkinson.
16:46 of 1st period - Stopped by Cam Talbot with a rebound.
17:02 of 1st period - Snap shot by Cam Atkinson.
17:02 of 1st period - Shot Misses the Net.
17:04 of 1st period - Slapshot by Andrej Sustr.
17:04 of 1st period - Shot Misses the Net.
17:36 of 1st period - Off-side.
17:37 of 1st period - Nicklas Backstrom wins face-off versus John Tavares in neutral zone.
17:45 of 1st period - Minor Penalty to Brian Lee for High sticking.
17:46 of 1st period - Nicklas Backstrom wins face-off versus John Tavares in Stars zone.
19:10 of 1st period - Boris Valabik is hit by Jason Zucker and loses puck.
19:45 of 1st period - Penalty to Brian Lee is over, Brian Lee is back on ice.
Goals for this period are 1 for Blue Jackets vs 2 for Stars.
Shots for this period are 12 for Blue Jackets vs 15 for Stars.
2nd period
0:01 of 2nd period - Nicklas Backstrom wins face-off versus John Tavares in neutral zone.
0:17 of 2nd period - Snap shot by John Tavares.
0:17 of 2nd period - Shot Misses the Net.
1:35 of 2nd period - Wrist shot by Mike Richards.
1:35 of 2nd period - Shot Misses the Net.
1:37 of 2nd period - Snap shot by Fabian Brunnstrom.
1:37 of 2nd period - Stopped by Matt Murray without a rebound.
1:38 of 2nd period - Michael Grabner wins face-off versus William Karlsson in Stars zone.
1:45 of 2nd period - Backhand shot by Riley Sheahan.
1:45 of 2nd period - Deflect By Jason Zucker.
1:45 of 2nd period - Shot Hit the Post.
1:45 of 2nd period - Puck is out of play.
1:46 of 2nd period - John Tavares wins face-off versus William Karlsson in Stars zone.
1:53 of 2nd period - Snap shot by John Tavares.
1:53 of 2nd period - Shot Misses the Net.
2:07 of 2nd period - Wrist shot by Jason Zucker.
2:07 of 2nd period - Stopped by Matt Murray without a rebound.
2:08 of 2nd period - Nicklas Backstrom wins face-off versus Evgeny Grachev in Stars zone.
2:16 of 2nd period - Off-side.
2:17 of 2nd period - Nicklas Backstrom wins face-off versus Evgeny Grachev in neutral zone.
2:36 of 2nd period - Shea Theodore is hit by Andrew Ladd and loses puck.
2:43 of 2nd period - Snap shot by Evgeny Grachev.
2:43 of 2nd period - Goal by Evgeny Grachev - Blue Jackets : 1 - Stars : 3.
2:44 of 2nd period - Sean Monahan wins face-off versus John Tavares in neutral zone.
3:11 of 2nd period - Ben Chiarot is hit by Brian Lee and loses puck.
3:20 of 2nd period - Wrist shot by Cory Emmerton.
3:20 of 2nd period - Shot Misses the Net.
4:02 of 2nd period - Snap shot by John Tavares.
4:02 of 2nd period - Stopped by Cam Talbot without a rebound.
4:03 of 2nd period - John Tavares wins face-off versus William Karlsson in Blue Jackets zone.
4:04 of 2nd period - Wrist shot by Guillaume Latendresse.
4:04 of 2nd period - Stopped by Cam Talbot without a rebound.
4:05 of 2nd period - John Tavares wins face-off versus William Karlsson in Blue Jackets zone.
4:18 of 2nd period - Slapshot by Travis Hamonic.
4:18 of 2nd period - Stopped by Matt Murray without a rebound.
4:19 of 2nd period - Nicklas Backstrom wins face-off versus John Tavares in Stars zone.
5:08 of 2nd period - Wrist shot by Teuvo Teravainen.
5:08 of 2nd period - Stopped by Matt Murray without a rebound.
5:09 of 2nd period - Evgeny Grachev wins face-off versus Sean Monahan in Stars zone.
5:09 of 2nd period - Evgeny Grachev is hit by Teuvo Teravainen.
5:35 of 2nd period - John Tavares is hit by Jason Zucker and loses puck.
5:46 of 2nd period - Slapshot by Jake McCabe.
5:46 of 2nd period - Shot Misses the Net.
6:01 of 2nd period - Minor Penalty to Cory Emmerton for Tripping.
6:02 of 2nd period - John Tavares wins face-off versus Nicklas Backstrom in Stars zone.
8:01 of 2nd period - Penalty to Cory Emmerton is over, Cory Emmerton is back on ice.
8:09 of 2nd period - Slapshot by Fabian Brunnstrom.
8:09 of 2nd period - Stopped by Matt Murray without a rebound.
8:10 of 2nd period - Mike Richards wins face-off versus Evgeny Kuznetsov in Stars zone.
8:15 of 2nd period - Slapshot by Vince Hinostroza.
8:15 of 2nd period - Goal by Vince Hinostroza - Blue Jackets : 2 - Stars : 3.
8:16 of 2nd period - John Tavares wins face-off versus Sean Monahan in neutral zone.
8:21 of 2nd period - Wrist shot by Michael Grabner.
8:21 of 2nd period - Stopped by Cam Talbot with a rebound.
8:29 of 2nd period - Wrist shot by Phil Kessel.
8:29 of 2nd period - Shot Blocked by Boris Valabik.
9:25 of 2nd period - Jake McCabe is hit by Cam Atkinson and loses puck.
9:37 of 2nd period - Off-side.
9:38 of 2nd period - Cory Emmerton wins face-off versus Mike Richards in neutral zone.
9:38 of 2nd period - Boris Valabik is hit by Bryce Lampman and loses puck.
9:43 of 2nd period - Wrist shot by Fabian Brunnstrom.
9:43 of 2nd period - Shot Misses the Net.
9:45 of 2nd period - Wrist shot by Bryce Lampman.
9:45 of 2nd period - Stopped by Matt Murray without a rebound.
9:46 of 2nd period - John Tavares wins face-off versus Sean Monahan in Stars zone.
10:51 of 2nd period - Colton Parayko is hit by Brian Lee.
11:03 of 2nd period - Wrist shot by William Karlsson.
11:03 of 2nd period - Shot Misses the Net.
11:05 of 2nd period - Snap shot by Riley Sheahan.
11:05 of 2nd period - Shot Blocked by Tobias Rieder.
11:07 of 2nd period - Snap shot by Riley Sheahan.
11:07 of 2nd period - Shot Blocked by Anton Cederholm.
11:13 of 2nd period - Slapshot by Riley Sheahan.
11:13 of 2nd period - Shot Hit the Post.
11:15 of 2nd period - Slapshot by William Karlsson.
11:15 of 2nd period - Shot Hit the Post.
11:17 of 2nd period - Wrist shot by Jason Zucker.
11:17 of 2nd period - Goal by Jason Zucker - Blue Jackets : 3 - Stars : 3.
11:18 of 2nd period - John Tavares wins face-off versus Rickard Rakell in neutral zone.
11:27 of 2nd period - Snap shot by John Tavares.
11:27 of 2nd period - Deflect By Guillaume Latendresse.
11:27 of 2nd period - Shot Misses the Net.
11:27 of 2nd period - Puck is out of play.
11:28 of 2nd period - John Tavares wins face-off versus Mikko Rantanen in Blue Jackets zone.
11:58 of 2nd period - Wrist shot by Rickard Rakell.
11:58 of 2nd period - Shot Misses the Net.
12:00 of 2nd period - Snap shot by Rickard Rakell.
12:00 of 2nd period - Shot Misses the Net.
12:02 of 2nd period - Slapshot by Jake McCabe.
12:02 of 2nd period - Shot Misses the Net.
12:06 of 2nd period - Wrist shot by Rickard Rakell.
12:06 of 2nd period - Shot Blocked by Andrej Sustr.
12:08 of 2nd period - Slapshot by Ben Chiarot.
12:08 of 2nd period - Deflect By Rickard Rakell.
12:08 of 2nd period - Shot Misses the Net.
12:08 of 2nd period - Puck is out of play.
12:09 of 2nd period - Sean Monahan wins face-off versus Evgeny Grachev in Stars zone.
12:42 of 2nd period - Wrist shot by Riley Sheahan.
12:42 of 2nd period - Stopped by Matt Murray with a rebound.
12:48 of 2nd period - Wrist shot by Tobias Rieder.
12:48 of 2nd period - Shot Misses the Net.
12:50 of 2nd period - Snap shot by Tobias Rieder.
12:50 of 2nd period - Stopped by Cam Talbot with a rebound.
12:52 of 2nd period - Backhand shot by Tyson Barrie.
12:52 of 2nd period - Shot Blocked by Riley Sheahan.
13:46 of 2nd period - Jake McCabe is hit by Alex Chiasson and loses puck.
14:05 of 2nd period - Slapshot by William Karlsson.
14:05 of 2nd period - Stopped by Matt Murray without a rebound.
14:06 of 2nd period - William Karlsson wins face-off versus Evgeny Kuznetsov in Stars zone.
14:28 of 2nd period - Icing by Cam Atkinson.
14:29 of 2nd period - Evgeny Kuznetsov wins face-off versus Sean Monahan in Stars zone.
14:48 of 2nd period - Boris Valabik is hit by Phil Kessel.
15:27 of 2nd period - Snap shot by Cam Atkinson.
15:27 of 2nd period - Stopped by Cam Talbot without a rebound.
15:28 of 2nd period - John Tavares wins face-off versus Sean Monahan in Blue Jackets zone.
15:33 of 2nd period - Snap shot by Michael Grabner.
15:33 of 2nd period - Stopped by Cam Talbot without a rebound.
15:34 of 2nd period - Sean Monahan wins face-off versus John Tavares in Blue Jackets zone.
15:43 of 2nd period - Snap shot by Teuvo Teravainen.
15:43 of 2nd period - Stopped by Matt Murray with a rebound.
15:45 of 2nd period - Snap shot by Teuvo Teravainen.
15:45 of 2nd period - Shot Misses the Net.
15:47 of 2nd period - Slapshot by Ben Chiarot.
15:47 of 2nd period - Stopped by Matt Murray with a rebound.
15:49 of 2nd period - Slapshot by Ben Chiarot.
15:49 of 2nd period - Stopped by Matt Murray without a rebound.
15:50 of 2nd period - Evgeny Grachev wins face-off versus Nicklas Backstrom in Stars zone.
15:57 of 2nd period - Snap shot by Alex Chiasson.
15:57 of 2nd period - Goal by Alex Chiasson - Blue Jackets : 3 - Stars : 4.
15:58 of 2nd period - Sean Monahan wins face-off versus John Tavares in neutral zone.
16:05 of 2nd period - Wrist shot by Teuvo Teravainen.
16:05 of 2nd period - Shot Misses the Net.
16:07 of 2nd period - Slapshot by Ben Chiarot.
16:07 of 2nd period - Stopped by Matt Murray with a rebound.
16:09 of 2nd period - Slapshot by Sean Monahan.
16:09 of 2nd period - Stopped by Matt Murray without a rebound.
16:10 of 2nd period - John Tavares wins face-off versus Sean Monahan in Stars zone.
16:17 of 2nd period - Wrist shot by Michael Grabner.
16:17 of 2nd period - Shot Misses the Net.
16:19 of 2nd period - Snap shot by Guillaume Latendresse.
16:19 of 2nd period - Stopped by Cam Talbot with a rebound.
16:21 of 2nd period - Snap shot by Guillaume Latendresse.
16:21 of 2nd period - Shot Misses the Net.
16:33 of 2nd period - Minor Penalty to Phil Kessel for Hooking.
16:34 of 2nd period - William Karlsson wins face-off versus Guillaume Latendresse in Blue Jackets zone.
16:46 of 2nd period - Off-side.
16:47 of 2nd period - John Tavares wins face-off versus William Karlsson in neutral zone.
17:57 of 2nd period - Sean Monahan is hit by Evgeny Grachev and loses puck.
18:33 of 2nd period - Penalty to Phil Kessel is over, Phil Kessel is back on ice.
19:03 of 2nd period - Wrist shot by Mikko Rantanen.
19:03 of 2nd period - Shot Blocked by Tyson Barrie.
19:05 of 2nd period - Snap shot by Nicklas Backstrom.
19:05 of 2nd period - Goal by Nicklas Backstrom - Blue Jackets : 4 - Stars : 4.
19:06 of 2nd period - John Tavares wins face-off versus Sean Monahan in neutral zone.
19:54 of 2nd period - Wrist shot by Fabian Brunnstrom.
19:54 of 2nd period - Stopped by Matt Murray with a rebound.
19:56 of 2nd period - Slapshot by Jake McCabe.
19:56 of 2nd period - Shot Misses the Net.
Goals for this period are 3 for Blue Jackets vs 2 for Stars.
Shots for this period are 17 for Blue Jackets vs 9 for Stars.
3rd period
0:01 of 3rd period - John Tavares wins face-off versus William Karlsson in neutral zone.
0:26 of 3rd period - Boris Valabik is hit by Phil Kessel and loses puck.
0:33 of 3rd period - Andrej Sustr is hit by Sean Monahan and loses puck.
0:51 of 3rd period - Minor Penalty to Scott Kosmachuck for Holding.
0:52 of 3rd period - John Tavares wins face-off versus Nicklas Backstrom in Stars zone.
2:51 of 3rd period - Penalty to Scott Kosmachuck is over, Scott Kosmachuck is back on ice.
3:57 of 3rd period - Icing by Shea Theodore.
3:58 of 3rd period - Mike Richards wins face-off versus Tobias Rieder in Blue Jackets zone.
4:29 of 3rd period - Colton Parayko is hit by Andrej Sustr and loses puck.
5:26 of 3rd period - Snap shot by Cam Atkinson.
5:26 of 3rd period - Stopped by Cam Talbot with a rebound.
5:28 of 3rd period - Snap shot by Tyler Wotherspoon.
5:28 of 3rd period - Stopped by Cam Talbot with a rebound.
5:58 of 3rd period - Snap shot by Teuvo Teravainen.
5:58 of 3rd period - Stopped by Matt Murray without a rebound.
5:59 of 3rd period - Sean Monahan wins face-off versus Evgeny Grachev in Stars zone.
6:04 of 3rd period - Wrist shot by Teuvo Teravainen.
6:04 of 3rd period - Stopped by Matt Murray with a rebound.
6:06 of 3rd period - Snap shot by Phil Kessel.
6:06 of 3rd period - Deflect By Alex Chiasson.
6:06 of 3rd period - Shot Blocked by Tyson Barrie.
6:06 of 3rd period - Puck is out of play.
6:07 of 3rd period - Nicklas Backstrom wins face-off versus John Tavares in Stars zone.
6:12 of 3rd period - Wrist shot by Mikko Rantanen.
6:12 of 3rd period - Deflect By Nicklas Backstrom.
6:12 of 3rd period - Shot Misses the Net.
6:12 of 3rd period - Puck is out of play.
6:13 of 3rd period - Nicklas Backstrom wins face-off versus John Tavares in Stars zone.
6:22 of 3rd period - Wrist shot by John Tavares.
6:22 of 3rd period - Goal by John Tavares - Blue Jackets : 4 - Stars : 5.
6:23 of 3rd period - Nicklas Backstrom wins face-off versus John Tavares in neutral zone.
6:28 of 3rd period - Wrist shot by Nicklas Backstrom.
6:28 of 3rd period - Shot Misses the Net.
6:40 of 3rd period - Travis Hamonic is hit by Brian Lee and loses puck.
6:51 of 3rd period - Evgeny Grachev is hit by Phil Kessel.
7:35 of 3rd period - Slapshot by Boris Valabik.
7:35 of 3rd period - Shot Blocked by Ben Chiarot.
8:07 of 3rd period - Off-side.
8:08 of 3rd period - Evgeny Grachev wins face-off versus Sean Monahan in neutral zone.
8:20 of 3rd period - Snap shot by Alex Chiasson.
8:20 of 3rd period - Shot Blocked by Teuvo Teravainen.
8:22 of 3rd period - Slapshot by Evgeny Grachev.
8:22 of 3rd period - Shot Misses the Net.
8:24 of 3rd period - Wrist shot by Andrew Ladd.
8:24 of 3rd period - Stopped by Cam Talbot with a rebound.
8:34 of 3rd period - John Tavares is hit by Nicklas Backstrom and loses puck.
9:01 of 3rd period - Tyler Wotherspoon is hit by Jason Zucker and loses puck.
9:40 of 3rd period - Backhand shot by Alex Chiasson.
9:40 of 3rd period - Deflect By Evgeny Grachev.
9:40 of 3rd period - Stopped by Cam Talbot without a rebound.
9:41 of 3rd period - Sean Monahan wins face-off versus Evgeny Grachev in Blue Jackets zone.
9:41 of 3rd period - Sean Monahan is hit by Andrew Ladd.
9:49 of 3rd period - Wrist shot by Evgeny Grachev.
9:49 of 3rd period - Shot Misses the Net.
9:51 of 3rd period - Slapshot by Brian Lee.
9:51 of 3rd period - Stopped by Cam Talbot with a rebound.
9:53 of 3rd period - Snap shot by Alex Chiasson.
9:53 of 3rd period - Shot Misses the Net.
10:06 of 3rd period - Wrist shot by Evgeny Grachev.
10:06 of 3rd period - Shot Blocked by Travis Hamonic.
10:19 of 3rd period - Minor Penalty to Alex Chiasson for Roughing.
10:20 of 3rd period - Sean Monahan wins face-off versus Guillaume Latendresse in Stars zone.
10:29 of 3rd period - Travis Hamonic is hit by Guillaume Latendresse.
12:19 of 3rd period - Penalty to Alex Chiasson is over, Alex Chiasson is back on ice.
12:52 of 3rd period - Shea Theodore is hit by Evgeny Kuznetsov and loses puck.
13:13 of 3rd period - Andrej Sustr is hit by Jason Zucker and loses puck.
13:34 of 3rd period - Wrist shot by Jonathan Drouin.
13:34 of 3rd period - Shot Misses the Net.
13:50 of 3rd period - Colton Parayko is hit by Boris Valabik and loses puck.
14:33 of 3rd period - Wrist shot by Vince Hinostroza.
14:33 of 3rd period - Shot Misses the Net.
15:43 of 3rd period - Snap shot by Jonathan Drouin.
15:43 of 3rd period - Stopped by Cam Talbot without a rebound.
15:44 of 3rd period - Sean Monahan wins face-off versus John Tavares in Blue Jackets zone.
15:58 of 3rd period - Off-side.
15:59 of 3rd period - William Karlsson wins face-off versus Evgeny Grachev in neutral zone.
16:24 of 3rd period - Nicklas Backstrom is hit by Brian Lee and loses puck.
16:29 of 3rd period - Snap shot by Michael Grabner.
16:29 of 3rd period - Shot Blocked by Travis Hamonic.
17:31 of 3rd period - Jason Zucker is hit by John Tavares and loses puck.
18:32 of 3rd period - Slapshot by Evgeny Grachev.
18:32 of 3rd period - Shot Blocked by Ben Chiarot.
19:02 of 3rd period - Blue Jackets, Cam Talbot is pulled from the net.
19:33 of 3rd period - Slapshot by Riley Sheahan.
19:33 of 3rd period - Stopped by Matt Murray without a rebound.
19:34 of 3rd period - Randy Carlyle call a timeout for Blue Jackets.
19:34 of 3rd period - Nicklas Backstrom wins face-off versus Michael Grabner in Stars zone.
Goals for this period are 0 for Blue Jackets vs 1 for Stars.
Shots for this period are 3 for Blue Jackets vs 7 for Stars.